 Dungeon Crawl Stone Soup version 0.31-a0-237-g2d982f9f85 (webtiles) character file.

Game seed: 15258462333619815478

122589 qw the Crack Shot (level 16, -1/151 HPs)
             Began as a Minotaur Hexslinger on July 11, 2023.
             Was a High Priest of Okawaru.
             Slain by an ogre
             ... wielding a +0 giant spiked club
              (19 damage)
             ... on level 1 of the Orcish Mines.
             The game lasted 00:12:18 (23199 turns).

qw the Crack Shot (Minotaur Hexslinger)            Turns: 23199, Time: 00:12:19

Health: -1/151     AC: 16    Str: 14    XL:     16   Next: 35%
Magic:  20/22      EV: 32    Int: 10    God:    Okawaru [*****.]
Gold:   1172       SH:  0    Dex: 23    Spells: 16/17 levels left

rFire   x . .        Y - +3 triple crossbow (freeze)
rCold   + + +        (shield currently unavailable)
rNeg    . . .        o - +0 troll leather armour
rPois   .            A - +1 hat
rElec   +            f - +1 cloak
rCorr   .            u - +2 pair of gloves {Dex+3}
SInv    .            s - +1 pair of boots {Fly}
Will    ++...        z - amulet of faith
Stlth   +++          w - ring "Odduox" {rElec rF- rC+++ Will+}
HPRegen 1.25/turn    l - +5 ring of evasion
MPRegen 0.18/turn

%: random rage (3%), faith
@: heroic, flying, unable to read
A: horns 2, retaliatory headbutt, berserk 1, inability to read after injury 1
a: Renounce Religion, Heroism, Finesse, Duel


You were on level 1 of the Orcish Mines.
You worshipped Okawaru.
Okawaru was extremely pleased with you.
You visited 4 branches of the dungeon, and saw 23 of its levels.
You also visited: Sewer and Gauntlet.

You collected 1654 gold pieces.
You spent 482 gold pieces at shops.


Innate Abilities, Weirdness & Mutations

You have a pair of horns on your head.
You reflexively headbutt those who attack you in melee.
You sometimes lose your temper in combat.
You occasionally lose the ability to read scrolls when taking damage.


   Skills:
 - Level 16.0(21.0) Fighting
 - Level 22.0(27) Ranged Weapons
 - Level 9.3(14.3) Armour
 + Level 13.5(18.5) Dodging
 - Level 1.0 Spellcasting
 - Level 2.0 Hexes
 - Level 10.0 Invocations


You had 16 spell levels left.
You knew the following spells:

 Your Spells              Type           Power      Damage    Failure   Level
a - Slow                  Hex            16%        N/A       17%         1

Your spell library contained the following spells:

 Spells                   Type           Power      Damage    Failure   Level
 Inner Flame              Hex/Fire       2%         N/A       61%         3
 Portal Projectile        Hex/Tloc       4%         N/A       61%         3
 Cause Fear               Hex            2%         N/A       86%         4

Inventory:

Hand Weapons
 Y - a +3 triple crossbow of freezing (weapon)
Armour
 f - a +1 cloak (worn)
 k - a +2 pair of boots
 n - a +2 leather armour of fire resistance
 o - a +0 troll leather armour (worn)
 p - the scarf of Quick Liberty {shadows, rC+}
   (You found it on level 5 of the Lair of Beasts)

   rC:        It protects you from cold.
 s - a +1 pair of boots of flying (worn)
 u - a +2 pair of gloves of dexterity (worn)
 y - the +0 cloak of Tenacity {Harm Str-5 SInv}
   (You found it in a Gauntlet)

   Str:       It affects your strength (-5).
   SInv:      It lets you see invisible.
   Harm:      It increases damage dealt and taken.
 A - a +1 hat (worn)
Jewellery
 b - a ring of fire
 e - a +4 ring of slaying {mikee}
 j - an amulet of the acrobat
 l - a +5 ring of evasion (right hand)
 r - a ring of protection from fire
 t - the ring "Hemmesit" {Ice *Slow Dex+6}
   (You found it in a Gauntlet)

   [ring of ice]

   It enhances your ice magic.
   Dex:       It affects your dexterity (+6).
   rF:        It makes you vulnerable to fire.
   rC:        It protects you from cold.
   *Slow:     It may slow you when you take damage.
 w - the ring "Odduox" (left hand) {rElec rF- rC+++ Will+}
   (You found it on level 9 of the Dungeon)

   [ring of willpower]

   rF:        It makes you vulnerable to fire.
   rC:        It renders you almost immune to cold.
   rElec:     It insulates you from electricity.
   Will:      It increases your willpower.
 z - an amulet of faith (around neck)
Wands
 m - a wand of digging (24)
Scrolls
 g - 7 scrolls of teleportation
 h - 22 scrolls of identify
Potions
 a - 3 potions of resistance
 c - a potion of might
 d - 13 potions of curing
 i - 6 potions of haste
 q - 2 potions of enlightenment
 x - a potion of cancellation

Dungeon Overview and Level Annotations

Branches:
Dungeon (15/15)            Temple (1/1) D:6            Lair (5/5) D:9
 Shoals (0/4) Lair:2       Spider (0/4) Lair:3        Slime (0/5) Lair:4
    Orc (2/2) D:12         Vaults (0/5) D:13         Depths (0/4) D:15
  Sewer (visited)         Gauntlet (visited)
    Elf: Orc:2

Altars:
Ashenzari
Cheibriados
Dithmenos
Elyvilon
Fedhas
Gozag
Hepliaklqana
Kikubaaqudgha
Makhleb
Nemelex Xobeh
Okawaru
Qazlal
Ru
Sif Muna
Trog
Uskayaw
Vehumet
Wu Jian
Xom
Yredelemnul
Zin
The Shining One
Lugonu

Shops:
D:1 ?:([   D:4 :   D:8 [   D:9 ?   D:15 [

Portals:
Abyss: Lair:5

Annotations:
D:10 1 runed translucent door, qw's ghost, novice MiHs
D:13 exclusion: 7 kobold demonologists
Lair:3 1 runed translucent door, qw's ghost, journeyman GrHs


Message History

The ogre mage gestures wildly while chanting.
The ogre mage flickers and vanishes!
Deactivating autopickup; reactivate with Ctrl-A.
The ogre hits you with a +0 giant club.
The ogre mage casts a spell at the ogre.
The ogre seems to speed up.
The ogre hits you with a +0 giant spiked club.
The ogre hits you with a +0 giant club!!
Something hits you but does no damage.
The ogre mage gestures wildly while chanting.
The ogre mage flickers and vanishes!
You can move again.
There is a stone staircase leading up, spattered with blood here.
23194 ||| STAIRDANCE The ogre misses you.
The ogre mage misses you. You furiously retaliate!
You headbutt the ogre mage! The ogre closely misses you. Something hits you.
Something hits you! The ogre completely misses you.
You fly upwards.
Reactivating autopickup.
There is a stone staircase leading down, spattered with blood here.
23196 ||| INVOKING Heroism.
You gain the combat prowess of a mighty hero.
The ogre closely misses you. You furiously retaliate!
You headbutt the ogre.
The ogre hits you with a +0 giant spiked club!!
You feel threatened and lose the ability to read scrolls!
The ogre mage closely misses you. You furiously retaliate!
You headbutt the ogre mage! You shoot a bolt. The bolt hits the ogre mage!!
The bolt freezes the ogre mage.
The ogre mage is almost dead.
The ogre completely misses you. x2
You shoot a bolt. The bolt hits the ogre mage!!!
The bolt freezes the ogre mage.
You kill the ogre mage!
Okawaru accepts your kill. The ogre completely misses you.
You furiously retaliate!
You headbutt the ogre! The ogre misses you.
The ogre hits you with a +0 giant club.
You shoot a bolt. The bolt hits the ogre!!
The bolt freezes the ogre.
You kill the ogre!
Okawaru accepts your kill.
The ogre hits you with a +0 giant spiked club!!
You die...

##...###......##.
##....####........
#.......###.......
###.......####...... ###
##...........##...%..
##.####...........###).....
#...##.....................
##.####..).)...............
##....#...O@).##.)..)...#.#.
##.#..#....)O)####)..)..#####
#......#.....###...)......##.
##..#.##.......#...........#.
#...###.......#.......>..##.
###...####.................#.
##.....####.........#.#.#.....
###.).)....#..........#####.....
#....).).####.##.....## ##......


You could see 2 ogres.

Vanquished Creatures
  Gastronok (D:11)
  A juggernaut zombie (D:15)
  Nessos (D:14)
  A minotaur (Gauntlet)
  Snorg (Orc:1)
  Fannar (D:11)
  A yaktaur captain (D:13)
  Harold (Lair:2)
  7 hydras
  A catoblepas (Lair:1)
  An ice dragon (Lair:5)
  4 boulder beetles
  2 ogre magi (Orc:1)
  8 centaur warriors
  28 two-headed ogres
  2 tengu warriors (D:13)
  4 thrashing horrors (Lair:5)
  A large abomination (Lair:5)
  Sonja (Lair:2)
  Amaemon (D:11)
  A skeletal warrior (D:15)
  A flayed ghost (D:15)
  A sphinx zombie (D:15)
  A wizard (Gauntlet)
  5 deep elf pyromancers
  An oklob plant (Lair:4)
  24 ugly things
  3 manticores
  8 cyclopes
  A necromancer (D:15)
  15 elephants
  An orc sorcerer (D:13)
  4 black mambas
  Joseph (D:8)
  An orange demon (D:11)
  3 smoke demons (Lair:5)
  An ice statue (Lair:5)
  6 gargoyles
  11 cane toads
  Maggie (D:7)
  A torpor snail (Lair:2)
  7 kobold demonologists (D:13)
  3 rime drakes
  2 unseen horrors
  2 yaktaurs (D:13)
  8 komodo dragons
  4 tengu conjurers
  12 trolls
  An ancient zyme (Lair:5)
  A guardian mummy (D:15)
  A queen bee (Lair:4)
  A polar bear (shapeshifter) (Lair:5)
  4 polar bears
  3 meliai (Lair:4)
  16 blink frogs (Lair:5)
  Grinder (Sewer)
  2 hornets
  2 raiju (D:13)
  A raiju (shapeshifter) (D:15)
  A snapping turtle (Lair:2)
  7 slime creatures
  A spriggan zombie (D:15)
  5 dream sheep (Lair:5)
  Sigmund (D:5)
  A centaur simulacrum (D:15)
  A spriggan (Lair:5)
  A spriggan (shapeshifter) (D:15)
  A ynoxinul (Lair:5)
  7 shadows
  A yak (shapeshifter) (Lair:5)
  2 vampires
  8 basilisks
  10 small abominations (Lair:5)
  A human (shapeshifter) (Lair:5)
  3 wyverns
  2 steam dragons
  54 yaks
  4 redbacks (Lair:3)
  10 vampire mosquitoes
  Grum (D:8)
  10 wargs
  A glowing shapeshifter zombie (D:15)
  2 acid dragons
  Duvessa (D:5)
  16 water moccasins
  2 hell hounds (D:13)
  A black bear (D:7)
  8 ice beasts
  16 orc warriors
  22 ogres
  14 wolves
  15 centaurs
  A phantom (D:12)
  11 kobold brigands
  10 bullfrogs
  4 gnoll sergeants
  4 scorpions
  Dowan (D:5)
  22 wights
  A troll zombie (D:12)
  30 killer bees
  3 electric eels
  6 howler monkeys
  2 quasits (Sewer)
  4 hounds
  2 jellies (D:4)
  12 orc priests
  3 gnoll boudas
  2 sleepcaps
  4 iguanas
  14 orc wizards
  5 ogre zombies (D:12)
  16 gnolls
  8 adders
  6 shadow imps
  8 white imps
  7 ufetubi
  2 worms (D:2)
  A dart slug (D:2)
  49 orcs
  11 ball pythons
  4 bats
  2 endoplasms (D:2)
  14 giant cockroaches
  7 goblins
  6 hobgoblins
  A jackal (D:4)
  5 quokkas
  2 frilled lizards
  3 goblin skeletons (D:12)
  A hobgoblin skeleton (D:12)
  2 hobgoblin zombies (D:12)
  48 kobolds
  2 orc skeletons (D:12)
  11 orc zombies (D:12)
  4 rats
821 creatures vanquished.

Vanquished Creatures (others)
  A wizard (Gauntlet)
  A troll (Orc:1)
  An orc wizard (Orc:1)
  An orc (D:12)
  A kobold zombie (Sewer)
5 creatures vanquished.

Grand Total: 826 creatures vanquished

Notes
Turn   | Place    | Note
-------+----------+-------------------------------------------
     0 | D:1      | qw the Minotaur Hexslinger began the quest for the Orb.
     0 | D:1      | Reached XP level 1. HP: 16/16 MP: 1/1
     0 | D:1      | 0 ||| qw: Version: 0.3-a-52-g30416fa
     0 | D:1      | 0 ||| qw: Game counter: 5473
     0 | D:1      | 0 ||| qw: Melee chars always use a shield: true
     0 | D:1      | 0 ||| qw: God list: Okawaru
     0 | D:1      | 0 ||| qw: Allow faded altars: false
     0 | D:1      | 0 ||| qw: Do Orc after clearing Dungeon:15 true
     0 | D:1      | 0 ||| qw: Do second Lair branch before Depths: true
     0 | D:1      | 0 ||| qw: Lair rune preference: random
     0 | D:1      | 0 ||| qw: Goals: Normal
     0 | D:1      | 0 ||| PLANNING D:1-11
     3 | D:1      | Found Zabrur's Book Shop.
    23 | D:1      | Found Pyzots's Armour Boutique.
    23 | D:1      | Noticed an animated shadow dragon scales
    25 | D:1      | Noticed an animated storm dragon scales
    26 | D:1      | 26 ||| DROPPING scroll of poison.
    48 | D:1      | 48 ||| SHOPLISTING +0 ring mail (56 gold, have 0).
    48 | D:1      | 48 ||| SHOPLISTING +1 pair of boots of flying (231 gold,
                  | have 0).
   174 | D:1      | Reached skill level 3 in Ranged Weapons
   211 | D:1      | Reached XP level 2. HP: 23/23 MP: 2/2
   383 | D:1      | Found Wuxoucru's Magic Scroll Shoppe.
   388 | D:1      | 388 ||| SHOPLISTING scroll of enchant armour (82 gold, have
                  | 36).
   388 | D:1      | 388 ||| BUYING scroll of identify (22 gold).
   388 | D:1      | Bought a scroll of identify for 22 gold pieces
   388 | D:1      | 388 ||| SHOPLISTING scroll of identify (22 gold, have 14).
   388 | D:1      | 388 ||| SHOPLISTING scroll of teleportation (33 gold, have
                  | 14).
   606 | D:1      | Found Qymidol's Weapon Boutique.
   613 | D:1      | 613 ||| SHOPLISTING +0 heavy sling (65 gold, have 32).
   837 | D:1      | 837 ||| UPGRADING to +0 leather armour.
   847 | D:1      | 847 ||| DROPPING +0 robe.
   848 | D:1      | 848 ||| UPGRADING to +0 cloak.
   853 | D:1      | 853 ||| UPGRADING to +0 ring mail.
   863 | D:1      | 863 ||| DROPPING +0 leather armour.
   864 | D:1      | 864 ||| UPGRADING to +0 pair of boots.
   869 | D:1      | 869 ||| UPGRADING to amulet of the acrobat.
   874 | D:1      | 874 ||| UPGRADING to +4 ring of slaying {mikee}.
   875 | D:1      | 875 ||| DRINKING 2 brown potions.
   924 | D:2      | Found a faded altar of an unknown god.
   929 | D:2      | 929 ||| Stepping ~*~*~tactically~*~*~ (outnumbered).
   930 | D:2      | Reached skill level 1 in Armour
   933 | D:2      | Reached XP level 3. HP: 24/29 MP: 3/3
  1316 | D:2      | Reached skill level 4 in Ranged Weapons
  1355 | D:2      | Reached XP level 4. HP: 36/36 MP: 4/4
  1859 | D:2      | 1859 ||| UPGRADING to +6 ring of strength.
  1860 | D:2      | 1860 ||| UPGRADING to ring of willpower.
  1862 | D:2      | 1862 ||| DROPPING ring of flight.
  1863 | D:2      | 1863 ||| READING scroll labelled NINYG MIRAE.
  1925 | D:2      | 1925 ||| READING scroll labelled MAYVAN GUCSEST.
  1928 | D:2      | 1928 ||| READING scroll labelled KYASTR ETZYOG.
  1929 | D:2      | 1929 ||| READING scroll labelled FUYVVI APSY.
  1930 | D:2      | 1930 ||| READING scroll labelled ALIUNO VEDDISS.
  2014 | D:3      | 2014 ||| Stepping ~*~*~tactically~*~*~ (outnumbered).
  2022 | D:3      | HP: 8/36 [gnoll/+0 halberd (8)]
  2023 | D:3      | 2023 ||| DRINKING potion of heal wounds.
  2029 | D:3      | Reached skill level 5 in Ranged Weapons
  2232 | D:3      | Reached XP level 5. HP: 31/42 MP: 5/5
  2237 | D:3      | Reached skill level 3 in Fighting
  2350 | D:3      | Identified the +1 robe "Orafoev" {Regen+}
  2450 | D:3      | Found an ancient bone altar of Kikubaaqudgha.
  2503 | D:3      | 2503 ||| SWAPPING to +3 sling.
  2504 | D:3      | 2504 ||| DROPPING +2 sling.
  2671 | D:3      | 2671 ||| UPGRADING to +1 robe "Orafoev" {Regen+}.
  2681 | D:3      | 2681 ||| DROPPING +0 ring mail.
  2682 | D:3      | 2682 ||| READING scroll labelled NAONUECYCH.
  2682 | D:3      | Identified a scroll of acquirement
  2682 | D:3      | 2682 ||| ACQUIRING +2 orcbow of freezing
  2682 | D:3      | Acquired a +2 orcbow of freezing
  2684 | D:3      | 2684 ||| SWAPPING to +2 orcbow of freezing.
  2685 | D:3      | 2685 ||| DROPPING +3 sling.
  2686 | D:3      | 2686 ||| READING 4 scrolls of identify.
  2686 | D:3      | 2686 ||| IDENTIFYING viscous sapphire potion
  2687 | D:3      | 2687 ||| READING 3 scrolls of identify.
  2687 | D:3      | 2687 ||| IDENTIFYING red potion
  2936 | D:4      | Reached skill level 6 in Ranged Weapons
  2936 | D:4      | Reached XP level 6. HP: 51/51 MP: 6/6
  2950 | D:4      | Found Zahus's Tiny Tomes.
  2970 | D:4      | You fall into a shaft and drop 1 floor!
  2970 | D:5      | Entered Level 5 of the Dungeon
  2971 | D:5      | 2971 ||| PLANNING SEWER
  2979 | D:5      | 2979 ||| Stepping ~*~*~tactically~*~*~ (outnumbered).
  2985 | D:5      | 2985 ||| Stepping ~*~*~tactically~*~*~ (outnumbered).
  3011 | D:5      | Noticed Duvessa
  3015 | D:5      | Noticed Dowan
  3019 | D:5      | Killed Duvessa
  3020 | D:5      | Reached skill level 7 in Ranged Weapons
  3020 | D:5      | Reached XP level 7. HP: 59/59 MP: 7/7
  3021 | D:5      | Killed Dowan
  3119 | D:5      | Reached skill level 8 in Ranged Weapons
  3148 | D:5      | Noticed Sigmund
  3151 | D:5      | Killed Sigmund
  3152 | D:5      | Reached skill level 6 in Fighting
  3157 | D:5      | 3157 ||| READING scroll of enchant weapon.
  3157 | D:5      | 3157 ||| ENCHANTING +2 orcbow of freezing.
  3169 | D:5      | Found a glowing drain.
  3171 | D:5      | 3171 ||| UPGRADING to +1 ring mail of cold resistance.
  3181 | D:5      | 3181 ||| READING scroll labelled GIAXIOTIPA.
  3182 | D:5      | 3182 ||| READING 4 scrolls of identify.
  3182 | D:5      | 3182 ||| IDENTIFYING cyan potion
  3183 | D:5      | 3183 ||| READING 3 scrolls of identify.
  3183 | D:5      | 3183 ||| IDENTIFYING grey potion
  3184 | D:5      | 3184 ||| DROPPING potion of berserk rage.
  3185 | D:5      | 3185 ||| DROPPING potion of lignification.
  3193 | D:5      | 3193 ||| READING scroll labelled XUMYSM REMEI.
  3195 | Sewer    | Entered a sewer
  3277 | Sewer    | Reached XP level 8. HP: 70/70 MP: 8/8
  3300 | Sewer    | 3300 ||| Stepping ~*~*~tactically~*~*~ (outnumbered).
  3314 | Sewer    | 3314 ||| Stepping ~*~*~tactically~*~*~ (water).
  3316 | Sewer    | Noticed Grinder
  3322 | Sewer    | Paralysed by Grinder for 4 turns
  3328 | Sewer    | Killed Grinder
  3329 | Sewer    | Reached skill level 9 in Ranged Weapons
  3330 | Sewer    | 3330 ||| READING scroll of enchant weapon.
  3330 | Sewer    | 3330 ||| ENCHANTING +3 orcbow of freezing.
  3351 | Sewer    | Found a burning altar of Makhleb.
  3441 | Sewer    | 3441 ||| READING 3 scrolls of identify.
  3441 | Sewer    | 3441 ||| IDENTIFYING pink potion
  3442 | Sewer    | 3442 ||| READING 2 scrolls of identify.
  3442 | Sewer    | 3442 ||| IDENTIFYING metallic inky potion
  3443 | Sewer    | 3443 ||| DROPPING potion of magic.
  3472 | D:5      | 3472 ||| PLANNING D:1-11
  3577 | D:4      | Reached skill level 3 in Dodging
  3633 | D:4      | Found a sacrificial altar of Ru.
  3835 | D:4      | Reached skill level 10 in Ranged Weapons
  4016 | D:4      | Found a shadowy altar of Dithmenos.
  4022 | D:4      | Found a shimmering altar of Xom.
  4028 | D:4      | 4028 ||| READING scroll of enchant armour.
  4028 | D:4      | 4028 ||| ENCHANTING +0 pair of boots.
  4029 | D:4      | Found a stormy altar of Qazlal.
  4087 | D:4      | 4087 ||| UPGRADING to +2 leather armour of fire resistance.
  4179 | D:5      | Found a bloodstained altar of Trog.
  4339 | D:6      | 4339 ||| STAIRDANCE
  4414 | D:6      | 4414 ||| FLEEEEING.
  4415 | D:6      | 4415 ||| FLEEEEING.
  4416 | D:6      | 4416 ||| STAIRDANCE
  4520 | D:6      | 4520 ||| STAIRDANCE
  4648 | D:6      | Reached XP level 9. HP: 79/79 MP: 9/9
  4725 | D:6      | Reached skill level 11 in Ranged Weapons
  5061 | D:6      | Found a staircase to the Ecumenical Temple.
  5062 | D:6      | 5062 ||| PLANNING TEMPLE
  5070 | Temple   | Entered the Ecumenical Temple
  5092 | Temple   | 5092 ||| PLANNING OKAWARU WORSHIP
  5179 | Temple   | Became a worshipper of Warmaster Okawaru
  5180 | Temple   | 5180 ||| PLANNING D:1-11
  5500 | D:7      | Noticed Maggie
  5506 | D:7      | Killed Maggie
  5507 | D:7      | Reached skill level 12 in Ranged Weapons
  5508 | D:7      | 5508 ||| Stepping ~*~*~tactically~*~*~ (outnumbered).
  5516 | D:7      | 5516 ||| FLEEEEING.
  5517 | D:7      | 5517 ||| FLEEEEING.
  5518 | D:7      | 5518 ||| FLEEEEING.
  5519 | D:7      | 5519 ||| FLEEEEING.
  5520 | D:7      | 5520 ||| FLEEEEING.
  5521 | D:7      | 5521 ||| FLEEEEING.
  5522 | D:7      | 5522 ||| FLEEEEING.
  5528 | D:7      | Reached * piety under Okawaru
  5639 | D:7      | 5639 ||| INVOKING Heroism.
  5664 | D:7      | Found a hazy altar of Hepliaklqana.
  5844 | D:7      | 5844 ||| INVOKING Heroism.
  5845 | D:7      | 5845 ||| INVOKING Heroism.
  5885 | D:7      | Reached skill level 1 in Invocations
  6085 | D:7      | Noticed a two-headed ogre
  6086 | D:7      | 6086 ||| INVOKING Heroism.
  6090 | D:7      | Killed a two-headed ogre
  6090 | D:7      | Reached ** piety under Okawaru
  6091 | D:7      | Reached XP level 10. HP: 88/88 MP: 7/11
  6317 | D:7      | 6317 ||| DROPPING scarf of harm.
  6318 | D:7      | 6318 ||| READING scroll labelled NAKLA GIXZA.
  6319 | D:7      | 6319 ||| DRINKING 2 lumpy grey potions.
  6320 | D:7      | 6320 ||| READING 5 scrolls of identify.
  6320 | D:7      | 6320 ||| IDENTIFYING amethyst potion
  6321 | D:7      | 6321 ||| DROPPING potion of attraction.
  6374 | D:8      | Reached skill level 3 in Invocations
  6424 | D:8      | Noticed Grum
  6425 | D:8      | 6425 ||| INVOKING Heroism.
  6434 | D:8      | Killed Grum
  6437 | D:8      | Reached skill level 13 in Ranged Weapons
  6521 | D:8      | 6521 ||| INVOKING Heroism.
  6575 | D:8      | 6575 ||| INVOKING Heroism.
  6577 | D:8      | Noticed a centaur warrior
  6580 | D:8      | Reached skill level 9 in Fighting
  6583 | D:8      | Noticed a five-headed hydra
  6585 | D:8      | Killed a centaur warrior
  6590 | D:8      | 6590 ||| Stepping ~*~*~tactically~*~*~ (outnumbered).
  6595 | D:8      | Killed a five-headed hydra
  6596 | D:8      | Reached skill level 6 in Dodging
  6606 | D:8      | 6606 ||| INVOKING Heroism.
  6609 | D:8      | HP: 20/91 [white imp/puff of frost (5)]
  6610 | D:8      | 6610 ||| DRINKING potion of heal wounds.
  6773 | D:8      | 6773 ||| Stepping ~*~*~tactically~*~*~ (outnumbered).
  6775 | D:8      | 6775 ||| Stepping ~*~*~tactically~*~*~ (outnumbered).
  6941 | D:8      | Reached *** piety under Okawaru
  6944 | D:8      | Noticed Joseph
  6950 | D:8      | 6950 ||| FLEEEEING.
  6951 | D:8      | 6951 ||| FLEEEEING.
  6952 | D:8      | 6952 ||| FLEEEEING.
  6956 | D:8      | 6956 ||| FLEEEEING.
  6957 | D:8      | 6957 ||| FLEEEEING.
  6958 | D:8      | 6958 ||| FLEEEEING.
  6959 | D:8      | 6959 ||| FLEEEEING.
  6970 | D:8      | 6970 ||| FLEEEEING.
  6973 | D:8      | 6973 ||| FLEEEEING.
  6974 | D:8      | 6974 ||| FLEEEEING.
  6975 | D:8      | 6975 ||| FLEEEEING.
  6976 | D:8      | 6976 ||| FLEEEEING.
  6988 | D:8      | 6988 ||| FLEEEEING.
  6992 | D:8      | 6992 ||| INVOKING Heroism.
  6996 | D:8      | Killed Joseph
  7207 | D:8      | 7207 ||| INVOKING Heroism.
  7213 | D:8      | Reached XP level 11. HP: 83/97 MP: 10/13
  7217 | D:8      | Reached skill level 14 in Ranged Weapons
  7335 | D:8      | 7335 ||| READING scroll of enchant weapon.
  7335 | D:8      | 7335 ||| ENCHANTING +4 orcbow of freezing.
  7376 | D:8      | 7376 ||| Stepping ~*~*~tactically~*~*~ (outnumbered).
  7379 | D:8      | 7379 ||| Stepping ~*~*~tactically~*~*~ (outnumbered).
  7381 | D:8      | 7381 ||| Stepping ~*~*~tactically~*~*~ (outnumbered).
  7468 | D:8      | 7468 ||| Stepping ~*~*~tactically~*~*~ (outnumbered).
  7473 | D:8      | 7473 ||| Stepping ~*~*~tactically~*~*~ (outnumbered).
  7788 | D:8      | Found Xeed's Antique Armour Boutique.
  7793 | D:8      | 7793 ||| BUYING pair of embroidered gloves (150 gold).
  7793 | D:8      | Bought a pair of embroidered gloves for 150 gold pieces
  7793 | D:8      | 7793 ||| BUYING runed leather armour (100 gold).
  7793 | D:8      | Bought a runed leather armour for 100 gold pieces
  7819 | D:8      | 7819 ||| INVOKING Heroism.
  8127 | D:8      | 8127 ||| DROPPING +1 ring mail of cold resistance.
  8128 | D:8      | 8128 ||| UPGRADING to +2 pair of gloves.
  8133 | D:8      | 8133 ||| READING scroll labelled HUS ZEAFUTHOY.
  8134 | D:8      | 8134 ||| READING scroll labelled MOD EHI VUDD.
  8170 | D:9      | 8170 ||| INVOKING Heroism.
  8379 | D:9      | 8379 ||| INVOKING Heroism.
  8423 | D:9      | Noticed a two-headed ogre
  8424 | D:9      | 8424 ||| INVOKING Heroism.
  8430 | D:9      | Killed a two-headed ogre
  8469 | D:9      | Reached skill level 15 in Ranged Weapons
  8473 | D:9      | Reached **** piety under Okawaru
  8576 | D:9      | 8576 ||| READING scroll of enchant armour.
  8576 | D:9      | 8576 ||| ENCHANTING +1 pair of boots.
  8599 | D:9      | Noticed a white ugly thing
  8599 | D:9      | Noticed a cyan ugly thing
  8599 | D:9      | Noticed a centaur warrior
  8600 | D:9      | 8600 ||| INVOKING Heroism.
  8600 | D:9      | Noticed a four-headed hydra
  8608 | D:9      | Killed a white ugly thing
  8610 | D:9      | Killed a centaur warrior
  8613 | D:9      | Killed a four-headed hydra
  8613 | D:9      | Reached ***** piety under Okawaru
  8622 | D:9      | Killed a cyan ugly thing
  8622 | D:9      | Received a gift from Okawaru
  8774 | D:9      | 8774 ||| SWAPPING to +2 hand crossbow of freezing.
  8775 | D:9      | 8775 ||| DROPPING +5 orcbow of freezing.
  8786 | D:9      | Identified the ring "Odduox" {rElec rF- rC+++ Will+}
  8833 | D:9      | Reached skill level 6 in Invocations
  8873 | D:9      | Noticed a centaur warrior
  8875 | D:9      | 8875 ||| INVOKING Heroism.
  8881 | D:9      | HP: 10/99 [centaur warrior/arrow (15)]
  8882 | D:9      | 8882 ||| READING scroll of teleportation.
  8883 | D:9      | Killed a centaur warrior
  8885 | D:9      | Found Jicvosh's Magic Scroll Boutique.
  9133 | D:9      | 9133 ||| BUYING 2 scrolls of identify (48 gold).
  9133 | D:9      | Bought 2 scrolls of identify for 48 gold pieces
  9133 | D:9      | 9133 ||| BUYING 3 scrolls of identify (72 gold).
  9133 | D:9      | Bought 3 scrolls of identify for 72 gold pieces
  9133 | D:9      | 9133 ||| BUYING scroll of enchant armour (90 gold).
  9133 | D:9      | Bought a scroll of enchant armour for 90 gold pieces
  9133 | D:9      | 9133 ||| SHOPLISTING scroll of teleportation (36 gold, have
                  | 23).
  9133 | D:9      | 9133 ||| READING scroll of enchant armour.
  9133 | D:9      | 9133 ||| ENCHANTING +0 cloak.
  9204 | D:9      | 9204 ||| INVOKING Heroism.
  9221 | D:9      | Noticed a two-headed ogre
  9225 | D:9      | Killed a two-headed ogre
  9226 | D:9      | Reached XP level 12. HP: 106/106 MP: 14/16
  9279 | D:9      | 9279 ||| Stepping ~*~*~tactically~*~*~ (outnumbered).
  9376 | D:9      | 9376 ||| Stepping ~*~*~tactically~*~*~ (outnumbered).
  9379 | D:9      | 9379 ||| Stepping ~*~*~tactically~*~*~ (outnumbered).
  9506 | D:9      | Noticed a two-headed ogre
  9510 | D:9      | Killed a two-headed ogre
  9511 | D:9      | Reached skill level 16 in Ranged Weapons
  9696 | D:9      | Found a staircase to the Lair.
  9885 | D:9      | 9885 ||| PLANNING LAIR
  9885 | D:9      | 9885 ||| DROPPING +1 robe "Orafoev" {Regen+}.
  9886 | D:9      | 9886 ||| DROPPING +2 ring mail of willpower.
  9887 | D:9      | 9887 ||| UPGRADING to +0 pair of boots of flying.
  9897 | D:9      | 9897 ||| DROPPING +2 leather armour of cold resistance.
  9898 | D:9      | 9898 ||| UPGRADING to +4 ring mail of positive energy.
  9908 | D:9      | 9908 ||| UPGRADING to ring of protection from fire.
  9910 | D:9      | 9910 ||| UPGRADING to ring "Odduox" {rElec rF- rC+++
                  | Will+}.
  9912 | D:9      | 9912 ||| UPGRADING to +4 ring of slaying {mikee}.
  9914 | D:9      | 9914 ||| READING 13 scrolls of identify.
  9914 | D:9      | 9914 ||| IDENTIFYING sapphire potion
  9915 | D:9      | 9915 ||| DROPPING potion of brilliance.
  9931 | Lair:1   | Entered Level 1 of the Lair of Beasts
 10084 | Lair:1   | 10084 ||| INVOKING Heroism.
 10094 | Lair:1   | Reached skill level 6 in Armour
 10162 | Lair:1   | 10162 ||| FLEEEEING.
 10164 | Lair:1   | 10164 ||| FLEEEEING.
 10165 | Lair:1   | 10165 ||| FLEEEEING.
 10166 | Lair:1   | 10166 ||| FLEEEEING.
 10167 | Lair:1   | 10167 ||| FLEEEEING.
 10253 | Lair:1   | 10253 ||| INVOKING Heroism.
 10323 | Lair:1   | Noticed a catoblepas
 10324 | Lair:1   | 10324 ||| INVOKING Heroism.
 10325 | Lair:1   | 10325 ||| Stepping ~*~*~tactically~*~*~ (cloud).
 10330 | Lair:1   | 10330 ||| Stepping ~*~*~tactically~*~*~ (cloud).
 10334 | Lair:1   | Killed a catoblepas
 10927 | Lair:1   | 10927 ||| DROPPING +6 ring of strength.
 10928 | Lair:1   | 10928 ||| DROPPING ring of willpower.
 10929 | Lair:1   | 10929 ||| UPGRADING to +5 ring of evasion.
 10931 | Lair:1   | 10931 ||| READING 2 scrolls labelled LELERA SALAED.
 10932 | Lair:1   | 10932 ||| DROPPING scroll of fog.
 10969 | Lair:2   | 10969 ||| INVOKING Heroism.
 10975 | Lair:2   | Reached skill level 9 in Invocations
 11021 | Lair:2   | 11021 ||| INVOKING Heroism.
 11143 | Lair:2   | Noticed a four-headed hydra
 11144 | Lair:2   | 11144 ||| INVOKING Heroism.
 11150 | Lair:2   | Killed a four-headed hydra
 11222 | Lair:2   | 11222 ||| INVOKING Heroism.
 11232 | Lair:2   | Noticed Sonja
 11233 | Lair:2   | 11233 ||| INVOKING Finesse.
 11240 | Lair:2   | Killed Sonja
 11348 | Lair:2   | 11348 ||| INVOKING Heroism.
 11372 | Lair:2   | 11372 ||| READING 14 scrolls of identify.
 11372 | Lair:2   | 11372 ||| IDENTIFYING clear potion
 11396 | Lair:2   | 11396 ||| INVOKING Heroism.
 11491 | Lair:2   | Reached skill level 17 in Ranged Weapons
 11688 | Lair:2   | Noticed Harold
 11689 | Lair:2   | 11689 ||| INVOKING Heroism.
 11701 | Lair:2   | Killed Harold
 11702 | Lair:2   | Reached XP level 13. HP: 95/116 MP: 19/19
 11860 | Lair:2   | Found a staircase to the Shoals.
 12096 | Lair:3   | 12096 ||| INVOKING Heroism.
 12108 | Lair:3   | 12108 ||| Stepping ~*~*~tactically~*~*~ (outnumbered).
 12179 | Lair:3   | 12179 ||| INVOKING Heroism.
 12315 | Lair:3   | Found a dark tunnel.
 12339 | Lair:3   | Found a runed translucent door.
 12339 | Lair:3   | Noticed qw's ghost (journeyman GrHs)
 12657 | Lair:3   | 12657 ||| INVOKING Heroism.
 12968 | Lair:3   | 12968 ||| INVOKING Heroism.
 13062 | Lair:3   | Found a hole to the Spider Nest.
 13338 | Lair:3   | 13338 ||| READING 15 scrolls of identify.
 13338 | Lair:3   | 13338 ||| IDENTIFYING silvery potion
 13339 | Lair:3   | 13339 ||| DROPPING potion of ambrosia.
 13385 | Lair:4   | 13385 ||| READING scroll of enchant armour.
 13385 | Lair:4   | 13385 ||| ENCHANTING +0 pair of boots of flying.
 13461 | Lair:4   | 13461 ||| INVOKING Heroism.
 13520 | Lair:4   | 13520 ||| INVOKING Heroism.
 13523 | Lair:4   | Reached skill level 18 in Ranged Weapons
 13559 | Lair:4   | Reached skill level 12 in Fighting
 13800 | Lair:4   | Found a staircase to the Slime Pits.
 13897 | Lair:4   | 13897 ||| Stepping ~*~*~tactically~*~*~ (outnumbered).
 13899 | Lair:4   | 13899 ||| INVOKING Heroism.
 13956 | Lair:4   | 13956 ||| INVOKING Heroism.
 14131 | Lair:4   | 14131 ||| FLEEEEING.
 14132 | Lair:4   | 14132 ||| STAIRDANCE
 14212 | Lair:3   | 14212 ||| READING 16 scrolls of identify.
 14212 | Lair:3   | 14212 ||| IDENTIFYING ruby potion
 14213 | Lair:3   | 14213 ||| DROPPING potion of invisibility.
 14421 | Lair:5   | Entered Level 5 of the Lair of Beasts
 14431 | Lair:5   | 14431 ||| FLEEEEING.
 14434 | Lair:5   | 14434 ||| STAIRDANCE
 14509 | Lair:5   | 14509 ||| STAIRDANCE
 14512 | Lair:4   | 14512 ||| INVOKING Heroism.
 14672 | Lair:5   | 14672 ||| INVOKING Heroism.
 14679 | Lair:5   | Received a gift from Okawaru
 14696 | Lair:5   | 14696 ||| STAIRDANCE
 14704 | Lair:4   | HP: 21/122 [yak (10)]
 14705 | Lair:4   | 14705 ||| READING 3 scrolls of teleportation.
 14706 | Lair:4   | 14706 ||| DRINKING potion of heal wounds.
 14707 | Lair:4   | 14707 ||| INVOKING Heroism.
 14709 | Lair:4   | 14709 ||| FLEEEEING.
 14710 | Lair:4   | 14710 ||| FLEEEEING.
 14711 | Lair:4   | 14711 ||| FLEEEEING.
 14712 | Lair:4   | 14712 ||| FLEEEEING.
 14714 | Lair:4   | 14714 ||| FLEEEEING.
 14715 | Lair:4   | 14715 ||| FLEEEEING.
 14716 | Lair:4   | 14716 ||| FLEEEEING.
 14717 | Lair:4   | 14717 ||| FLEEEEING.
 14718 | Lair:4   | 14718 ||| FLEEEEING.
 14719 | Lair:4   | 14719 ||| FLEEEEING.
 14720 | Lair:4   | 14720 ||| FLEEEEING.
 14721 | Lair:4   | 14721 ||| FLEEEEING.
 14722 | Lair:4   | 14722 ||| FLEEEEING.
 14723 | Lair:4   | 14723 ||| FLEEEEING.
 14724 | Lair:4   | 14724 ||| FLEEEEING.
 14725 | Lair:4   | 14725 ||| FLEEEEING.
 14730 | Lair:4   | 14730 ||| FLEEEEING.
 14731 | Lair:4   | 14731 ||| FLEEEEING.
 14732 | Lair:4   | 14732 ||| FLEEEEING.
 14733 | Lair:4   | 14733 ||| FLEEEEING.
 14734 | Lair:4   | 14734 ||| FLEEEEING.
 14735 | Lair:4   | 14735 ||| FLEEEEING.
 14741 | Lair:4   | 14741 ||| FLEEEEING.
 14742 | Lair:4   | 14742 ||| FLEEEEING.
 14743 | Lair:4   | 14743 ||| FLEEEEING.
 14747 | Lair:4   | 14747 ||| FLEEEEING.
 14750 | Lair:4   | 14750 ||| FLEEEEING.
 14751 | Lair:4   | 14751 ||| FLEEEEING.
 14928 | Lair:5   | 14928 ||| INVOKING Heroism.
 15093 | Lair:5   | 15093 ||| INVOKING Heroism.
 15153 | Lair:5   | Reached skill level 9 in Dodging
 15154 | Lair:5   | 15154 ||| INVOKING Heroism.
 15309 | Lair:5   | 15309 ||| INVOKING Heroism.
 15403 | Lair:5   | 15403 ||| INVOKING Heroism.
 15408 | Lair:5   | Reached XP level 14. HP: 129/129 MP: 17/20
 15506 | Lair:5   | 15506 ||| FLEEEEING.
 15507 | Lair:5   | 15507 ||| FLEEEEING.
 15508 | Lair:5   | 15508 ||| FLEEEEING.
 15509 | Lair:5   | 15509 ||| FLEEEEING.
 15510 | Lair:5   | 15510 ||| FLEEEEING.
 15511 | Lair:5   | 15511 ||| FLEEEEING.
 15512 | Lair:5   | 15512 ||| FLEEEEING.
 15513 | Lair:5   | 15513 ||| FLEEEEING.
 15515 | Lair:5   | 15515 ||| FLEEEEING.
 15516 | Lair:5   | 15516 ||| FLEEEEING.
 15518 | Lair:5   | 15518 ||| FLEEEEING.
 15519 | Lair:5   | 15519 ||| FLEEEEING.
 15520 | Lair:5   | 15520 ||| FLEEEEING.
 15521 | Lair:5   | 15521 ||| FLEEEEING.
 15522 | Lair:5   | 15522 ||| FLEEEEING.
 15523 | Lair:5   | 15523 ||| FLEEEEING.
 15525 | Lair:5   | 15525 ||| FLEEEEING.
 15526 | Lair:5   | 15526 ||| FLEEEEING.
 15527 | Lair:5   | 15527 ||| FLEEEEING.
 15528 | Lair:5   | 15528 ||| FLEEEEING.
 15529 | Lair:5   | 15529 ||| FLEEEEING.
 15530 | Lair:5   | 15530 ||| FLEEEEING.
 15531 | Lair:5   | 15531 ||| FLEEEEING.
 15532 | Lair:5   | 15532 ||| FLEEEEING.
 15580 | Lair:5   | 15580 ||| INVOKING Heroism.
 15674 | Lair:5   | 15674 ||| INVOKING Heroism.
 15679 | Lair:5   | Reached skill level 9 in Armour
 15760 | Lair:5   | 15760 ||| DROPPING +0 ring mail of cold resistance.
 15866 | Lair:5   | Identified the scarf of Quick Liberty {shadows, rC+}
 15917 | Lair:5   | 15917 ||| Stepping ~*~*~tactically~*~*~ (outnumbered).
 15926 | Lair:5   | 15926 ||| INVOKING Heroism.
 15927 | Lair:5   | 15927 ||| INVOKING Finesse.
 16006 | Lair:5   | 16006 ||| INVOKING Heroism.
 16033 | Lair:5   | 16033 ||| DROPPING +2 arbalest of flaming.
 16255 | Lair:5   | Reached skill level 15 in Fighting
 16479 | Lair:5   | 16479 ||| INVOKING Heroism.
 16677 | Lair:5   | Found a corrupted altar of Lugonu.
 16677 | Lair:5   | Found a one-way gate to the infinite horrors of the Abyss.
 16683 | Lair:5   | Identified the +5 glaive "Gior" {pain, rPois rCorr Int-5
                  | Dex+5}
 16810 | Lair:5   | 16810 ||| PLANNING D:1-11
 16810 | Lair:5   | 16810 ||| UPGRADING to +1 pair of gloves of dexterity.
 16820 | Lair:5   | 16820 ||| DROPPING +2 pair of gloves.
 16821 | Lair:5   | 16821 ||| DRINKING 2 murky orange potions.
 16822 | Lair:5   | 16822 ||| DROPPING potion of degeneration.
 17038 | D:10     | Entered Level 10 of the Dungeon
 17226 | D:10     | Found a runed translucent door.
 17227 | D:10     | Noticed qw's ghost (novice MiHs)
 17621 | D:10     | Found a glowing silver altar of Zin.
 17685 | D:10     | 17685 ||| UPGRADING to +0 troll leather armour.
 17695 | D:10     | 17695 ||| DROPPING +4 ring mail of positive energy.
 17728 | D:11     | 17728 ||| PLANNING GAUNTLET
 17808 | D:11     | Noticed Amaemon
 17816 | D:11     | Killed Amaemon
 17816 | D:11     | Received a gift from Okawaru
 17818 | D:11     | 17818 ||| INVOKING Heroism.
 17900 | D:11     | 17900 ||| SWAPPING to +2 triple crossbow of freezing.
 17901 | D:11     | 17901 ||| DROPPING +2 hand crossbow of freezing.
 18061 | D:11     | Found a gate leading to a gauntlet.
 18062 | D:11     | 18062 ||| DROPPING ring of magical power.
 18063 | D:11     | 18063 ||| READING scroll labelled INOKKYTULU.
 18066 | D:11     | 18066 ||| READING 19 scrolls of identify.
 18066 | D:11     | 18066 ||| IDENTIFYING emerald potion
 18075 | Gauntlet | Entered a Gauntlet
 18075 | Gauntlet | Found a transporter.
 18075 | Gauntlet | Found a transporter.
 18086 | Gauntlet | Found a runed translucent door.
 18088 | Gauntlet | Found a transporter.
 18090 | Gauntlet | Found a transporter.
 18094 | Gauntlet | Found a runed translucent door.
 18096 | Gauntlet | Found a runed translucent door.
 18098 | Gauntlet | Found a transporter.
 18101 | Gauntlet | Found a transporter.
 18111 | Gauntlet | Found a transporter.
 18117 | Gauntlet | Noticed a cacodemon
 18129 | Gauntlet | Found a transporter.
 18149 | Gauntlet | Found a transporter.
 18151 | Gauntlet | Found a transporter.
 18161 | Gauntlet | Found a transporter.
 18163 | Gauntlet | Found a transporter.
 18255 | Gauntlet | Identified the ring "Hemmesit" {Ice *Slow Dex+6}
 18262 | Gauntlet | Identified the +0 cloak of Tenacity {Harm Str-5 SInv}
 18271 | Gauntlet | 18271 ||| INVOKING Heroism.
 18353 | Gauntlet | 18353 ||| READING scroll of enchant armour.
 18353 | Gauntlet | 18353 ||| ENCHANTING +1 pair of gloves of dexterity.
 18356 | Gauntlet | 18356 ||| UPGRADING to amulet of faith.
 18385 | Gauntlet | 18385 ||| DROPPING +0 pair of gloves of infusion.
 18403 | Gauntlet | Identified the ring of Fivvick {+Blink Str+6 Int+2}
 18404 | Gauntlet | 18404 ||| INVOKING Heroism.
 18405 | Gauntlet | 18405 ||| INVOKING Finesse.
 18481 | D:11     | 18481 ||| PLANNING D:1-11
 18512 | D:11     | Noticed Fannar
 18518 | D:11     | Killed Fannar
 18549 | D:11     | Noticed Gastronok
 18557 | D:11     | Killed Gastronok
 18886 | D:11     | 18886 ||| PLANNING D
 18886 | D:11     | 18886 ||| UPGRADING to +1 hat.
 18891 | D:11     | 18891 ||| DROPPING ring of protection from cold.
 19010 | D:12     | 19010 ||| INVOKING Heroism.
 19111 | D:12     | Found a staircase to the Orcish Mines.
 19134 | D:12     | Reached skill level 19 in Ranged Weapons
 19134 | D:12     | Reached XP level 15. HP: 144/144 MP: 21/21
 19192 | D:12     | Found a shimmering blue altar of Sif Muna.
 19195 | D:12     | 19195 ||| Stepping ~*~*~tactically~*~*~ (outnumbered).
 19199 | D:12     | 19199 ||| Stepping ~*~*~tactically~*~*~ (outnumbered).
 19203 | D:12     | Received a gift from Okawaru
 19224 | D:12     | 19224 ||| READING scroll of enchant weapon.
 19224 | D:12     | 19224 ||| ENCHANTING +2 triple crossbow of draining.
 19344 | D:12     | 19344 ||| Stepping randomly (disturbance).
 19349 | D:12     | 19349 ||| Stepping randomly (disturbance).
 19770 | D:13     | 19770 ||| STAIRDANCE
 19787 | D:13     | 19787 ||| STAIRDANCE
 19811 | D:13     | 19811 ||| STAIRDANCE
 19833 | D:13     | 19833 ||| STAIRDANCE
 20052 | D:13     | Identified the +0 chain mail of Okawaru's Supremacy {rCorr
                  | Str+2 Dex+4} (Okawaru gifted it to you on level 13 of the
                  | Dungeon)
 20052 | D:13     | Received a gift from Okawaru
 20153 | D:13     | 20153 ||| FLEEEEING.
 20214 | D:13     | 20214 ||| Stepping ~*~*~tactically~*~*~ (outnumbered).
 20219 | D:13     | 20219 ||| Stepping ~*~*~tactically~*~*~ (outnumbered).
 20221 | D:13     | 20221 ||| FLEEEEING.
 20229 | D:13     | Reached skill level 20 in Ranged Weapons
 20255 | D:13     | Found a gate to the Vaults.
 20576 | D:13     | 20576 ||| INVOKING Heroism.
 20587 | D:13     | Gained mutation: You sometimes lose your temper in combat.
                  | [a neqoxec]
 20595 | D:13     | Gained mutation: You occasionally lose the ability to read
                  | scrolls when taking damage. [a neqoxec]
 20602 | D:13     | HP: 24/144 [ynoxinul/entropic shot[a kobold demonologist]
                  | (22)]
 20603 | D:13     | 20603 ||| DRINKING 2 potions of heal wounds.
 20611 | D:13     | 20611 ||| INVOKING Heroism.
 20657 | D:13     | 20657 ||| INVOKING Heroism.
 20742 | D:13     | 20742 ||| Stepping ~*~*~tactically~*~*~ (outnumbered).
 20754 | D:13     | 20754 ||| INVOKING Heroism.
 20774 | D:13     | 20774 ||| INVOKING Heroism.
 20872 | D:13     | Reached skill level 21 in Ranged Weapons
 21006 | D:14     | Reached skill level 12 in Dodging
 21068 | D:14     | Reached ****** piety under Okawaru
 21125 | D:14     | Identified the +12 longbow of the Asp {drain, rCorr Str-5
                  | Int-4 Stlth+} (Okawaru gifted it to you on level 14 of the
                  | Dungeon)
 21125 | D:14     | Received a gift from Okawaru
 21133 | D:14     | 21133 ||| INVOKING Heroism.
 21187 | D:14     | 21187 ||| DROPPING +12 longbow of the Asp {drain, rCorr
                  | Str-5 Int-4 Stlth+}.
 21272 | D:14     | 21272 ||| Stepping ~*~*~tactically~*~*~ (outnumbered).
 21409 | D:14     | Noticed Nessos
 21410 | D:14     | 21410 ||| INVOKING Finesse.
 21413 | D:14     | Killed Nessos
 21825 | D:15     | Entered Level 15 of the Dungeon
 21836 | D:15     | Found a staircase to the Depths.
 21841 | D:15     | 21841 ||| INVOKING Heroism.
 21846 | D:15     | Reached XP level 16. HP: 138/151 MP: 20/22
 21969 | D:15     | Found Caqe's Armour Shop.
 22212 | D:15     | 22212 ||| READING scroll of brand weapon.
 22212 | D:15     | 22212 ||| BRANDING +3 triple crossbow of draining.
 22442 | D:15     | 22442 ||| PLANNING ORC
 22525 | Orc:1    | Entered Level 1 of the Orcish Mines
 22539 | Orc:1    | 22539 ||| STAIRDANCE
 22683 | Orc:1    | Reached skill level 22 in Ranged Weapons
 22726 | Orc:1    | Identified the +0 plate armour of Broken Taboos {rPois rC+
                  | MP+9 Dex-2} (Okawaru gifted it to you on level 1 of the
                  | Orcish Mines)
 22726 | Orc:1    | Received a gift from Okawaru
 22890 | Orc:2    | Entered Level 2 of the Orcish Mines
 22895 | Orc:2    | 22895 ||| INVOKING Heroism.
 22898 | Orc:2    | Noticed Snorg
 22915 | Orc:2    | 22915 ||| STAIRDANCE
 22917 | Orc:1    | Killed Snorg
 23016 | Orc:2    | 23016 ||| INVOKING Heroism.
 23034 | Orc:2    | 23034 ||| STAIRDANCE
 23036 | Orc:1    | HP: 34/151 [two-headed ogre/+0 giant club (31)]
 23037 | Orc:1    | 23037 ||| DRINKING potion of heal wounds.
 23115 | Orc:2    | 23115 ||| INVOKING Heroism.
 23127 | Orc:2    | 23127 ||| STAIRDANCE
 23129 | Orc:1    | 23129 ||| INVOKING Heroism.
 23189 | Orc:2    | Paralysed by an ogre mage for 5 turns
 23194 | Orc:2    | 23194 ||| STAIRDANCE
 23196 | Orc:1    | 23196 ||| INVOKING Heroism.
 23196 | Orc:1    | HP: 20/151 [ogre/+0 giant spiked club (28)]
 23199 | Orc:1    | Slain by an ogre

Levels and vault maps discovered:
D:1:      dpeg_arrival_simpleton_b, layout_loops_corners, serial_shops,
          nicolae_shop_mannequins, nicolae_shop_tiny_statue_garden,
          nicolae_shop_rolling_square, shop, nicolae_kite_square_tiling_tiny
D:2:      layout_loops_corners, nicolae_ecumenical_snake_handling,
          dreamdust_princess_bridge
D:3:      layout_basic, mainiacjoe_overflow_concentric_impassable
D:4:      layout_basic, nicolae_ru_great_annihilating_truth,
          minmay_overflow_temple_star_quad, nicolae_shop_i_like_small_books_too,
          minmay_manual_monstrance
D:5:      layout_rooms, mainiacjoe_overflow_boulevard, portal_sewer_entry_f,
          uniq_sigmund, uniq_duvessa
D:6:      layout_cave_pools, minmay_temple_entry_waves
D:7:      layout_loops_cross, marbit_many_paths, uniq_maggie
D:8:      nzn_winding_woodlands_medium [nzn_winding_woodlands_5x5_perimeter,
          nzn_winding_woodlands_5x15_default, nzn_winding_woodlands_hourglass,
          nzn_winding_woodlands_5x5_checkerboard,
          nzn_winding_woodlands_center_pierced_h,
          nzn_winding_woodlands_5x5_closed_star,
          nzn_winding_woodlands_5x5_three, nzn_winding_woodlands_5x15_zeroes,
          nzn_winding_woodlands_5x5_cross], layout_basic, serial_shops,
          shop_fountains, minmay_orc_keep, uniq_joseph, uniq_grum
D:9:      minmay_the_grid_net [minmay_the_grid_outer_diamond,
          minmay_the_grid_large_cup, minmay_the_grid_tree,
          minmay_the_grid_slots, minmay_the_grid_zigzag_pyramid,
          minmay_the_grid_prize_trominoes], layout_stronghold,
          grunt_lair_entry_orc_guard_hut, serial_shops, shop
D:10:     layout_roguey, lemuel_tele_altar, ebering_ghost_inner_flame
D:11:     layout_loops_ring, gauntlet_entry_generic,
          chequers_serial_rivers_small_b, uniq_amaemon, uniq_gastronok,
          uniq_fannar
D:12:     layout_loops_ring, zombieorc1_lemuel, minmay_ruined_shrine
D:13:     lemuel_castle_with_subvaults [lemuel_castle_interior_carwin_1],
          layout_irregular_city, david_vaults_2
D:14:     nicolae_hitomezashi [nicolae_hito_row, nicolae_hito_row,
          nicolae_hito_row, nicolae_hito_row, nicolae_hito_row,
          nicolae_hito_row, nicolae_hito_row, nicolae_hito_row,
          nicolae_hito_row, nicolae_hito_row, nicolae_hito_row,
          nicolae_hito_row, nicolae_hito_row, nicolae_hito_row,
          nicolae_hito_row, nicolae_hito_row, nicolae_hito_row,
          nicolae_hito_row], layout_basic, hellmonk_bongcloud_opening,
          uniq_nessos
D:15:     gammafunk_depths_entry_grave, layout_basic, serial_shops,
          nicolae_shop_just_a_little_nook
Temple:   jpeg_temple_clearing
Lair:1:   layout_long_grid
Lair:2:   layout_regular_city, minmay_shoals_entry_hut, serial_bayou_shore_a,
          lemuel_fruit_fields, grunt_megastairs_5, uniq_sonja, uniq_harold
Lair:3:   layout_cave_pods, spider_nest_entry_webs, gammafunk_ghost_grave,
          nicolae_volcano_entry_two_sided, grunt_megastairs_3
Lair:4:   layout_roguey [special_room_bee], slime_entry_1
Lair:5:   hellmonk_lair_end_abyssal_woods, layout_gridlike, ice2_lemuel
Orc:1:    layout_diamond_mine, basic_altar
Orc:2:    st_orc_ogre_mass, layout_caves, biasface_ghost_orc_armoury,
          serial_shops, shop, basic_altar, lightli_church_of_beogh, uniq_urug,
          uniq_snorg, uniq_erolcha

Skill      XL: |  1  2  3  4  5  6  7  8  9 10 11 12 13 14 15 16 |
---------------+-------------------------------------------------+-----
Ranged Weapons | 3 4 5 6 7 8 10 12 13 15 17 18 19 21 22 | 22.0
Fighting       | 2 3 4 6 7 8 9 10 11 13 16 | 16.0
Armour         | 1 2 4 6 8 9 |  9.3
Dodging        | 3 5 6 7 9 10 12 13 | 13.5
Invocations    | 2 4 6 10 | 10.0
Spellcasting   | |  1.0
Hexes          | |  2.0

Action                     |  1- 3 |  4- 6 |  7- 9 | 10-12 | 13-15 | 16-18 || total
---------------------------+-------+-------+-------+-------+-------+-------++-------
   Fire: Sling             |    74 |    72 |       |       |       |       ||   146
         Orcbow            |       |    46 |   273 |   309 |       |       ||   628
         Hand crossbow     |       |       |       |   237 |   635 |       ||   872
         Triple crossbow   |       |       |       |       |   517 |   156 ||   673
 Invoke: Heroism           |       |       |     3 |    23 |    32 |     5 ||    63
         Finesse           |       |       |       |     1 |     3 |       ||     4
    Use: Potion            |     1 |     1 |       |     2 |     3 |     1 ||     8
         Scroll            |       |     8 |     9 |    11 |     8 |     1 ||    37
 Armour: Robe              |     5 |       |     2 |       |       |       ||     7
         Ring mail         |     5 |    10 |    28 |    18 |   170 |       ||   231
         Leather armour    |       |       |    32 |    35 |       |       ||    67
         Troll leather arm |       |       |       |       |   131 |    31 ||   162
  Dodge: Dodged            |    24 |    30 |   106 |   173 |  1157 |   312 ||  1802

Table legend:
 A = Non-vault XP
 B = Vault XP
 C = Vault XP percentage of total XP
 D = Non-vault monster count
 E = Vault monster count
 F = Vault count percentage of total count
                 A         B        C        D         E       F
            +---------+---------+-------+---------+---------+-------
      Total |   89032 |   86217 |  49.2 |     479 |     345 |  41.9
            +---------+---------+-------+---------+---------+-------
        D:1 |      19 |       0 |   0.0 |      11 |       0 |   0.0
        D:2 |      77 |      30 |  28.0 |      26 |       4 |  13.3
        D:3 |     116 |       0 |   0.0 |      17 |       0 |   0.0
        D:4 |     437 |      44 |   9.1 |      17 |       6 |  26.1
        D:5 |     686 |     456 |  39.9 |      21 |       6 |  22.2
        D:6 |    1102 |       0 |   0.0 |      27 |       0 |   0.0
        D:7 |    2170 |     437 |  16.8 |      28 |       2 |   6.7
        D:8 |    1494 |    4606 |  75.5 |      37 |      39 |  51.3
        D:9 |    4344 |    7565 |  63.5 |      29 |      25 |  46.3
       D:10 |    3416 |       0 |   0.0 |      14 |       0 |   0.0
       D:11 |    3737 |    3551 |  48.7 |      15 |       4 |  21.1
       D:12 |    6975 |    4162 |  37.4 |      21 |      39 |  65.0
       D:13 |    6207 |   21139 |  77.3 |      17 |      51 |  75.0
       D:14 |   13801 |    1032 |   7.0 |      26 |       1 |   3.7
       D:15 |    2702 |    4540 |  62.7 |       8 |       8 |  50.0
     Lair:1 |    6568 |       0 |   0.0 |      20 |       0 |   0.0
     Lair:2 |    6051 |    2367 |  28.1 |      23 |       5 |  17.9
     Lair:3 |    4998 |    1244 |  19.9 |      24 |       6 |  20.0
     Lair:4 |    6226 |    2529 |  28.9 |      17 |      25 |  59.5
     Lair:5 |   16311 |   14921 |  47.8 |      50 |      51 |  50.5
      Orc:1 |    1505 |    6202 |  80.5 |      26 |      15 |  36.6
      Orc:2 |      90 |    7902 |  98.9 |       5 |      19 |  79.2
      Sewer |       0 |     576 | 100.0 |       0 |      30 | 100.0
   Gauntlet |       0 |    2914 | 100.0 |       0 |       9 | 100.0
            +---------+---------+-------+---------+---------+-------
